 Dungeon Crawl Stone Soup version 0.28-a0-1206-g193881aaa2 (webtiles) character file.

Game seed: 17245540999428865250

577 flotson the Ducker (level 7, -1/53 HPs)
             Began as a Demonspawn Gladiator on Dec 21, 2021.
             Was a Plaything of Xom.
             Killed by nerve-wracking pain
             ... invoked by an orc priest
              (14 damage)
             ... on level 4 of the Dungeon.
             The game lasted 00:08:02 (6655 turns).

flotson the Ducker (Demonspawn Gladiator)           Turns: 6655, Time: 00:08:03

Health: -1/53      AC:  6    Str: 23    XL:     7   Next: 13%
Magic:  7/7        EV: 12    Int:  9    God:    Xom [..*...]
Gold:   171        SH:  0    Dex: 14    Spells: 6/6 levels left

rFire   . . .      SeeInvis .   x - +0 halberd
rCold   + . .      Faith    .   (shield currently unavailable)
rNeg    . . .      Spirit   .   k - +0 ring mail
rPois   .          Reflect  .   c - +0 helmet
rElec   .          Harm     .   (no cloak)
rCorr   .          Rampage  .   (no gloves)
Will    .....                   (no boots)
Stlth   +.........              (no amulet)
HPRegen 0.17/turn               o - +6 ring of strength
MPRegen 0.10/turn               A - ring of protection from cold

@: no status effects
A: claws 2, demonic magic 1
a: Renounce Religion


You were on level 4 of the Dungeon.
You worshipped Xom.
You were a toy of Xom.
You visited 1 branch of the dungeon, and saw 4 of its levels.
You also visited: Sewer.

You collected 227 gold pieces.
You spent 56 gold pieces at shops.

Inventory:

Hand Weapons
 a - a +0 war axe
 x - a +0 halberd (weapon)
 y - a +1 hand axe of flaming
Missiles
 d - 3 throwing nets (quivered)
 q - 30 poisoned darts
Armour
 c - a +0 helmet (worn)
 k - a +0 ring mail (worn)
Jewellery
 h - a ring of ice
 o - a +6 ring of strength (left claw)
 A - a ring of protection from cold (right claw)
 B - an amulet of magic regeneration
Wands
 j - a wand of digging (3)
Scrolls
 b - a scroll of magic mapping {unknown}
 e - 3 scrolls of teleportation {unknown}
 f - a scroll of vulnerability {unknown}
 g - 3 scrolls of identify
 i - a scroll of immolation {unknown}
 l - 2 scrolls of torment {unknown}
 p - a scroll of amnesia {unknown}
 r - a scroll of summoning {unknown}
 s - a scroll of brand weapon {unknown}
 u - a scroll of blinking {unknown}
 v - a scroll of fear {unknown}
 w - a scroll of fog {unknown}
Potions
 m - 2 potions of ambrosia
 n - 6 potions of flight
 t - a potion of mutation
 z - 2 potions of heal wounds {unknown}
 C - 2 potions of curing {unknown}


   Skills:
 + Level 3.9 Fighting
 - Level 2.6(2.8) Axes
 + Level 1.1(2.1) Polearms
 + Level 3.4 Throwing
 + Level 2.7 Armour
 + Level 4.1 Dodging
 + Level 2.8 Evocations


You had 6 spell levels left.
You didn't know any spells.
Your spell library contained the following spells:

 Spells                   Type           Power      Damage    Failure   Level
 Sandblast                Erth           0%         2d4       54%         1
 Corpse Rot               Necr/Air       0%         N/A       67%         2
 Passwall                 Tmut/Erth      0%         N/A       67%         2
 Poisonous Vapours        Pois/Air       0%         N/A       67%         2
 Stone Arrow              Conj/Erth      0%         3d7       88%         3
 Iskenderun's Battlesphe  Conj           0%         2d6       100%        5
 Iron Shot                Conj/Erth      0%         9d1       100%        6
 Spellforged Servitor     Conj/Summ      0%         N/A       100%        7


Dungeon Overview and Level Annotations

Branches:
Dungeon (4/15)              Sewer (visited)
 Temple: D:4-7

Altars:
Elyvilon
Kikubaaqudgha
Okawaru
Uskayaw
Xom

Shops:
D:2 ?

Annotations:
D:4 3 runed translucent doors, a11behringer's ghost, amateur MiBe


Innate Abilities, Weirdness & Mutations

You have very sharp fingernails.
Spells you cast may paralyse adjacent enemies.


Message History

The orc throws a boomerang.
The boomerang closely misses you.
You hit the giant cockroach.
You kill the giant cockroach!
The orc priest calls down the wrath of Beogh upon you.
Pain shoots through your body!
The orc priest invokes the aid of Beogh against you.
Beogh smites you!
You emit a cloud of colourful smoke!
You are too injured to fight recklessly!
Unknown command.
You are too injured to fight recklessly!
Unknown command.
You are too injured to fight recklessly!
Unknown command.
You are too injured to fight recklessly!
You closely miss the orc. The orc hits you but does no damage.
You barely miss the orc. The orc barely misses you.
The orc priest closely misses you.
You closely miss the orc priest. The orc barely misses you.
The orc priest misses you. The orc hits you but does no damage.
There are no items here.
You closely miss the orc priest.
The orc priest hits you but does no damage.
The orc barely misses you.
You closely miss the orc priest.
The orc priest hits you but does no damage.
The orc hits you with a +0 hand axe. The orc priest closely misses you.
The orc hits you but does no damage.
You barely miss the orc priest.
The orc priest hits you but does no damage.
The orc hits you with a +0 hand axe.
You barely miss the orc priest. The orc priest barely misses you.
The orc closely misses you.
You slash the orc priest!
The orc priest is severely wounded.
The orc priest misses you. The orc hits you with a +0 hand axe.
* * * LOW HITPOINT WARNING * * *
The orc priest calls down the wrath of Beogh upon you.
Pain shoots through your body!
You die...

.......### ....# .#
..........# .....# .
#.........# ......##.
#.......... .........
#.......... ........##
#.......... ..#......#
##........##
......o§.####.........##
......o@§.#..(..........
.......§§...####........
.....##.....# ##..#.....
.........##.###.........
.........##..##.......<.
..#####...#........(....
. ##....###...#.#...
##..## #.###.#..# #.#
#.. ##.#..


You could see an orc priest and an orc.

Vanquished Creatures
  A black bear (D:4)
  A scorpion (D:4)
  A hound (D:4)
  2 jellies (D:4)
  An orc priest (D:2)
  2 iguanas
  An orc wizard (D:3)
  4 adders
  3 gnolls (D:3)
  A river rat (D:3)
  2 dart slugs
  6 worms
  11 orcs
  8 ball pythons
  15 bats
  11 endoplasms
  9 giant cockroaches
  4 goblins
  8 hobgoblins
  7 jackals
  13 quokkas
  5 frilled lizards
  4 kobolds
  5 rats
125 creatures vanquished.

Vanquished Creatures (others)
  A plant (D:1)
  A withered plant (D:2)
2 creatures vanquished.

Grand Total: 127 creatures vanquished

Notes
Turn   | Place    | Note
-------+----------+-------------------------------------------
     0 | D:1      | flotson the Demonspawn Gladiator began the quest for the
                  | Orb.
     0 | D:1      | Reached XP level 1. HP: 16/16 MP: 1/1
   412 | D:1      | Gained mutation: You have sharp fingernails. [demonic
                  | ancestry]
   412 | D:1      | Reached XP level 2. HP: 21/22 MP: 2/2
  1004 | D:1      | Reached skill level 1 in Armour
  1040 | D:1      | Reached skill level 3 in Dodging
  1101 | D:1      | Reached XP level 3. HP: 27/28 MP: 3/3
  1551 | D:2      | Reached XP level 4. HP: 17/34 MP: 4/4
  2032 | D:2      | Reached skill level 1 in Evocations
  2138 | D:2      | Found a faded altar of an unknown god.
  2159 | D:2      | Found Nogesog's Magic Scroll Shoppe.
  2228 | D:2      | Bought a scroll of identify for 28 gold pieces
  2228 | D:2      | Bought a scroll of identify for 28 gold pieces
  3122 | D:3      | Reached XP level 5. HP: 35/41 MP: 5/5
  3206 | D:3      | Found a glowing drain.
  3212 | Sewer    | Entered a sewer
  4833 | D:3      | Gained mutation: You have very sharp fingernails. [demonic
                  | ancestry]
  4833 | D:3      | Reached XP level 6. HP: 5/47 MP: 6/6
  6145 | D:4      | Reached skill level 1 in Polearms
  6145 | D:4      | Reached skill level 4 in Dodging
  6145 | D:4      | Gained mutation: Spells you cast may paralyse adjacent
                  | enemies. [demonic ancestry]
  6145 | D:4      | Reached XP level 7. HP: 30/53 MP: 7/7
  6449 | D:4      | Found a shimmering altar of Xom.
  6452 | D:4      | Found an ancient bone altar of Kikubaaqudgha.
  6452 | D:4      | Found an ancient bone altar of Kikubaaqudgha.
  6454 | D:4      | Found an iron altar of Okawaru.
  6454 | D:4      | Found a hide-covered altar of Uskayaw.
  6566 | D:4      | Became a worshipper of Xom of Chaos
  6583 | D:4      | Found a runed translucent gate.
  6583 | D:4      | Noticed a11behringer's ghost (amateur MiBe)
  6583 | D:4      | Identified the +8 hand axe of the Bruised Stories {vorpal,
                  | rN+ Str+3 Int+3 Dex-3}
  6583 | D:4      | Identified the +4 ring mail of the Rose {Str+8 Int-2}
  6584 | D:4      | Found a runed translucent gate.
  6585 | D:4      | Found a runed translucent gate.
  6647 | D:4      | XOM: smoke on damage
  6655 | D:4      | Killed from afar by an orc priest

Illustrated notes

Levels and vault maps discovered:
D:1:      mrwooster_arrival_statue_2, layout_rooms, serial_forest,
          infiniplex_forest_clump_cross, infiniplex_forest_straight_4,
          infiniplex_forest_zigzag_1, infiniplex_forest_clump_double,
          infiniplex_forest_clump_small, infiniplex_forest_end_2,
          minmay_misc_feat_tower
D:2:      minmay_recursive_quarters, layout_basic,
          ebering_ecumenical_altar_petrified, serial_shops,
          nicolae_shop_temple_entry_statues_fountains, kennysheep_generic_room_9
D:3:      layout_basic, gup_sewer_entry_bubbles
D:4:      layout_layer_cave, doesnt_xom_only_xom, biasface_ghost_orc_armoury

Skill      XL: |  1  2  3  4  5  6 |
---------------+-------------------+-----
Throwing       | 2 3 |  3.4
Armour         | 1 2 |  2.7
Dodging        | 3 4 |  4.1
Evocations     | 1 2 |  2.8
Fighting       | 3 |  3.9
Polearms       | 1 |  1.1
Axes           | |  2.6

Action                   |  1- 3 |  4- 6 |  7- 9 || total
-------------------------+-------+-------+-------++-------
Melee: War axe           |    99 |   187 |       ||   286
       Halberd           |       |    72 |    22 ||    94
Throw: Throwing net      |       |     6 |       ||     6
       Dart              |       |     8 |       ||     8
  Use: Scroll            |       |     3 |       ||     3
       Potion            |       |     1 |       ||     1
 Stab: Sleeping          |     2 |     2 |       ||     4
Armor: Leather armour    |    48 |    19 |       ||    67
       Ring mail         |       |   126 |     9 ||   135
Dodge: Dodged            |    97 |   218 |    20 ||   335

Table legend: (Time is in decaauts)
 A = Elapsed time spent in this place.
 B = Non-inter-level travel time spent in this place.
 C = Inter-level travel time spent in this place.
 D = Time resting spent in this place.
 E = Time spent auto-exploring this place.
 F = Levels seen in this place.
 G = Mean time per level.
                   A        B        C        D        E       F      G
               +--------+--------+--------+--------+--------+-----+--------+
         Total |   6989 |   6865 |    124 |    321 |   5365 |   5 | 1397.8 |
       Dungeon |   5718 |   5594 |    124 |    321 |   4389 |   4 | 1429.5 |
         Sewer |   1271 |   1271 |      0 |      0 |    975 |   1 | 1271.0 |
               +--------+--------+--------+--------+--------+-----+--------+

Top non-repeatable levels by time:
     D:2: 1887 daAuts
     D:3: 1467 daAuts
   Sewer: 1271 daAuts
     D:1: 1262 daAuts
     D:4: 1101 daAuts
